 Dungeon Crawl Stone Soup version 0.23.1 (webtiles) character file.

Game seed: 9980358891502510971

214 Forgol the Chopper (level 5, -2/41 HPs)
             Began as a Demonspawn Fighter on Mar 19, 2019.
             Was an Initiate of Okawaru.
             Slain by Pikel
             ... wielding a +2 whip of flaming
              (7 damage)
             ... on level 4 of the Dungeon.
             The game lasted 00:05:37 (3614 turns).

Forgol the Chopper (Demonspawn Fighter)             Turns: 3614, Time: 00:05:38

Health: -2/41      AC:  7    Str: 22    XL:     5   Next: 59%
Magic:  5/5        EV: 10    Int: 10    God:    Okawaru [......]
Gold:   230        SH:  9    Dex: 12    Spells: 4/4 levels left

rFire    . . .     SeeInvis .   a - +0 war axe
rCold    . . .     Gourm    .   c - +0 shield
rNeg     . . .     Faith    .   d - +3 leather armour
rPois    .         Spirit   .   (no helmet)
rElec    .         Reflect  .   (no cloak)
rCorr    .         Harm     .   (no gloves)
MR       .....                  h - +0 pair of boots (curse)
Stlth    ++........             (no amulet)
HPRegen  0.13/turn              (no ring)
MPRegen  0.09/turn              (no ring)

@: mighty
A: repulsion field 1, nightstalker 1
a: Renounce Religion


You were on level 4 of the Dungeon.
You worshipped Okawaru.
Okawaru was noncommittal.
You were not hungry.

You visited 2 branches of the dungeon, and saw 5 of its levels.

You collected 230 gold pieces.

Inventory:

Hand Weapons
 a - a +0 war axe (weapon)
Missiles
 m - 2 poisoned tomahawks (quivered)
 n - 6 tomahawks
Armour
 b - a +0 scale mail
 c - a +0 shield (worn)
 d - a +3 leather armour (worn)
 h - a cursed +0 pair of boots (worn)
Jewellery
 g - a +4 ring of intelligence
Scrolls
 e - a scroll of teleportation
 i - a scroll of remove curse
 j - 2 scrolls of magic mapping
 o - a scroll of identify
 p - a scroll of blinking {unknown}
Potions
 k - a potion of heal wounds
Comestibles
 f - 2 rations
 q - 2 chunks of flesh


   Skills:
 + Level 3.4 Fighting
 * Level 4.6 Axes
 + Level 3.1 Armour
 + Level 3.1 Shields
 + Level 0.0 Invocations


You had 4 spell levels left.
You didn't know any spells.
Your spell library was empty.

Dungeon Overview and Level Annotations

Branches:
Dungeon (4/15)             Temple (1/1) D:4

Altars:
Makhleb
Nemelex Xobeh
Okawaru
Wu Jian

Annotations:
D:4 Pikel


Innate Abilities, Weirdness & Mutations

You are surrounded by a mild repulsion field. (EV +2)
You are slightly more attuned to the shadows.


Message History

Pikel closely misses you.
You hit Pikel.
Pikel is heavily wounded.
You closely miss the slave. The slave hits you but does no damage.
You block Pikel's attack.
You hit Pikel.
Pikel is severely wounded.
You closely miss the slave. Pikel closely misses you.
The slave barely misses you.
Pikel hits you with a +2 whip of flaming.
* * * LOW HITPOINT WARNING * * *
Pikel burns you.
* * * LOW HITPOINT WARNING * * *
The slave hits you.
* * * LOW HITPOINT WARNING * * *
You completely miss Pikel.
Pikel is severely wounded.
You closely miss the slave. x2; The slave hits you but does no damage.
Pikel hits you with a +2 whip of flaming!
You die...

#.#### .... #.
#....###..#....#
...#.#............#
#.................#
#...#.#...........##
.#........###.......#
....#.⌠.#...........#
..#...Kp..#....<)...#
#...⌠.@p⌠...#.#))...###
..#.......#...#........
....#.⌠.#.....#........
..............#.#.#....
.....#.#...............
.#.#...(.#....#.#......
#..).#...#.#.#.#......
..#.. .#.#.#.# #. ....


You could see Pikel and 2 slaves.

Vanquished Creatures
  2 slaves (D:4)
  An orc priest (D:3)
  2 orc wizards
  5 adders
  A worm (D:2)
  2 dart slugs
  13 orcs
  7 bats
  4 giant cockroaches
  7 goblins
  5 hobgoblins
  3 jackals (D:2)
  5 kobolds
  A quokka (D:4)
  6 frilled lizards
  5 rats
69 creatures vanquished.

Notes
Turn   | Place    | Note
-------+----------+-------------------------------------------
     0 | D:1      | Forgol the Demonspawn Fighter began the quest for the Orb.
     0 | D:1      | Reached XP level 1. HP: 18/18 MP: 1/1
    51 | D:1      | Reached skill level 2 in Axes
   432 | D:1      | Gained mutation: You are surrounded by a mild repulsion
                  | field. (EV +2) [demonic ancestry]
   432 | D:1      | Reached XP level 2. HP: 24/24 MP: 2/2
   952 | D:2      | Reached skill level 3 in Axes
   979 | D:2      | Reached XP level 3. HP: 17/29 MP: 3/3
  1972 | D:3      | Found a faded altar of an unknown god.
  1980 | D:3      | Reached skill level 4 in Axes
  1980 | D:3      | Reached XP level 4. HP: 35/35 MP: 4/4
  2798 | D:3      | Gained mutation: You are slightly more attuned to the
                  | shadows. [demonic ancestry]
  2798 | D:3      | Reached XP level 5. HP: 36/41 MP: 5/5
  3549 | D:4      | Found a staircase to the Ecumenical Temple.
  3572 | Temple   | Entered the Ecumenical Temple
  3578 | Temple   | Became a worshipper of Warmaster Okawaru
  3590 | D:4      | Noticed a slave
  3591 | D:4      | Noticed a slave
  3602 | D:4      | Noticed Pikel
  3606 | D:4      | Killed a slave
  3606 | D:4      | Noticed a slave
  3607 | D:4      | Killed a slave
  3607 | D:4      | Noticed a slave
  3614 | D:4      | Slain by Pikel

Skill      XL: |  1  2  3  4  5 |
---------------+----------------+-----
Axes           | 2 3 4 |  4.6
Armour         | 3 |  3.1
Shields        | 3 |  3.1
Fighting       | |  3.4

Action                   |  1- 3 |  4- 6 || total
-------------------------+-------+-------++-------
Melee: War axe           |   109 |   135 ||   244
  Use: Scroll            |     5 |     1 ||     6
       Potion            |     3 |     3 ||     6
  Eat: Chunk             |     2 |     1 ||     3
       Ration            |     1 |     1 ||     2
Armor: Scale mail        |    40 |    22 ||    62
       Leather armour    |       |    33 ||    33
Dodge: Dodged            |    42 |    51 ||    93
Block: Shield            |    39 |    73 ||   112
